 Dungeon Crawl Stone Soup version 0.29-a0-824-gd827844252 (webtiles) character file.

Game seed: 17005697980620704221

3 Malachi the Ducker (level 1, 8/16 HPs)
             Began as an Octopode Berserker on July 10, 2022.
             Was a Follower of Trog.
             Got out of the dungeon alive.
             The game lasted 00:00:09 (18 turns).

Malachi the Ducker (Octopode Berserker)               Turns: 18, Time: 00:00:09

Health: 8/16       AC:  1    Str: 16    XL:     1   Next: 50%
Magic:  1/1        EV: 13    Int:  9    God:    Trog [*.....]
Gold:   0          SH:  0    Dex: 11    Spells: 0/0 levels left

rFire   . . .      SeeInvis .   a - +0 hand axe
rCold   . . .      Faith    .   (no shield)
rNeg    . . .      Spirit   .   (helmet restricted)
rPois   .          Reflect  .   (no amulet)
rElec   .          Harm     .   (no ring)
rCorr   .          Rampage  .   (no ring)
Will    .....                   (no ring)
Stlth   ++........              (no ring)
HPRegen 0.05/turn               (no ring)
MPRegen 0.07/turn               (no ring)
                                (no ring)
                                (no ring)

@: no status effects
A: almost no armour, amphibious, 8 rings, camouflage 1, gelatinous body 1,
(nimble swimmer 1), tentacles
a: Renounce Religion, Berserk


You escaped.
You worshipped Trog.
Trog was aware of your devotion.
You visited 1 branch of the dungeon, and saw 1 of its levels.

Inventory:

Hand Weapons
 a - a +0 hand axe (weapon)


   Skills:
 + Level 3.0 Fighting
 + Level 3.0 Axes
 + Level 3.0 Dodging


You couldn't memorise any spells.
You didn't know any spells.
Your spell library was empty.

Dungeon Overview and Level Annotations

Branches:
Dungeon (1/15)

Altars:


Innate Abilities, Weirdness & Mutations

You cannot wear most types of armour.
You are amphibious.
You can wear up to eight rings at the same time.
Your skin changes colour to match your surroundings (Stealth+).
Your rubbery body absorbs attacks. (AC +1, EV +1)
((You are camouflaged when in or above water. (Stealth+)))
You have tentacles for arms and can constrict up to eight enemies at once.


Message History

You hit the dart slug. You grab the dart slug.
The dart slug is lightly wounded.
You miss the goblin. You constrict the dart slug.
A kobold comes into view. It is wielding a +0 whip.
The goblin hits you with a +0 dagger. The dart slug bites you.
You are too injured to fight recklessly!
You are too injured to fight recklessly!
You are too injured to fight recklessly!
You are too injured to fight recklessly!
You are too injured to fight recklessly!
You are too injured to fight recklessly!
You are too injured to fight recklessly!
You are too injured to fight recklessly!
You are too injured to fight recklessly!
You are too injured to fight recklessly!
You are too injured to fight recklessly!
You are too injured to fight recklessly!
You are too injured to fight recklessly!
You are too injured to fight recklessly!
You are too injured to fight recklessly!
You are too injured to fight recklessly!
You are too injured to fight recklessly!
Unknown command.
The kobold shouts!
You hit the dart slug.
The dart slug is severely wounded.
You hit the goblin.
You kill the goblin!
Trog accepts your kill.
You constrict the dart slug.
A goblin comes into view. It is wielding a +0 club.
A rat comes into view.
The goblin shouts!
You hit the dart slug.
You kill the dart slug!
Trog accepts your kill.
A goblin comes into view. It is wielding a +0 club.
There is a staircase leading out of the dungeon here.
Are you sure you want to leave the Dungeon?
This will make you lose the game!
You have escaped!

####..†.)..##K#
###..........g..#
..#.#.#.#.##.#..#
..#.#.#.#.# #
.##.#.#.#g##.#
...#.#.#.#..#
#.≈≈≈≈≈.##.#
#.#≈...≈#.# #
#.≈..@≈.##
#.#≈...≈#.#
##.≈≈≈≈≈.##
...#.#.#.#.#
###.#.#.#.#..
#.#.# # #.###
##.# #


You could see a goblin.

Vanquished Creatures
  A dart slug (D:1)
  A goblin (D:1)
2 creatures vanquished.

Notes
Turn   | Place    | Note
-------+----------+-------------------------------------------
     0 | D:1      | Malachi the Octopode Berserker began the quest for the Orb.
     0 | D:1      | Reached XP level 1. HP: 16/16 MP: 1/1
    18 | D:$      | Got out of the dungeon alive.

Illustrated notes

Levels and vault maps discovered:
D:1:      ncdulo_watergridlock, layout_loops_ring, chequers_mini_garden,
          chequers_serial_rivers_small_3, hangedman_decor_growths,
          serial_park_tiny_2

Action                   || total
-------------------------++-------
Melee: Hand axe          ||     3
       Constrict         ||     1

Table legend: (Time is in decaauts)
 A = Elapsed time spent in this place.
 B = Non-inter-level travel time spent in this place.
 C = Inter-level travel time spent in this place.
 D = Time resting spent in this place.
 E = Time spent auto-exploring this place.
 F = Levels seen in this place.
 G = Mean time per level.
                   A        B        C        D        E       F      G
               +--------+--------+--------+--------+--------+-----+--------+
         Total |     18 |     18 |      0 |      0 |      4 |   1 |   18.0 |
       Dungeon |     18 |     18 |      0 |      0 |      4 |   1 |   18.0 |
               +--------+--------+--------+--------+--------+-----+--------+

Top non-repeatable levels by time:
     D:1: 18 daAuts
